 Dungeon Crawl Stone Soup version 0.27.0-1-g7a089689b8 (webtiles) character file.

Game seed: 14228952948260676461

240 horus123 the Chopper (level 6, -2/44 (48) HPs)
             Began as a Human Fighter on Aug 15, 2021.
             Slain by a wight (11 damage)
             ... on level 4 of the Dungeon.
             The game lasted 00:04:25 (2033 turns).

horus123 the Chopper (Human Fighter)                Turns: 2033, Time: 00:04:26

HP:   -2/44 (48)    AC:  8    Str: 18    XL:     6   Next: 29%
MP:   6/6           EV:  7    Int:  8    God:
Gold: 149           SH:  9    Dex: 13    Spells: 5/5 levels left

rFire    . . .     SeeInvis .   j - +1 broad axe (drain)
rCold    + . .     Faith    .   c - +0 kite shield
rNeg     . . .     Spirit   .   b - +0 scale mail
rPois    .         Reflect  .   (no helmet)
rElec    .         Harm     .   (no cloak)
rCorr    .         Rampage  .   h - +0 pair of gloves
Will     .....                  (no boots)
Stlth    ..........             (no amulet)
HPRegen  0.14/turn              g - ring of protection from cold
MPRegen  0.10/turn              (no ring)

@: drained
A: no striking features
a: no special abilities


You were on level 4 of the Dungeon.
You visited 1 branch of the dungeon, and saw 4 of its levels.

You collected 149 gold pieces.

Inventory:

Hand Weapons
 a - a +0 war axe
 j - a +1 broad axe of draining (weapon)
Armour
 b - a +0 scale mail (worn)
 c - a +0 kite shield (worn)
 h - a +0 pair of gloves (worn)
Jewellery
 g - a ring of protection from cold (left hand)
Wands
 m - a wand of paralysis (5)
Scrolls
 e - a scroll of fear
 f - 2 scrolls of blinking
 i - a scroll of magic mapping
 l - a scroll of enchant weapon {unknown}
Potions
 d - a potion of might
 k - 2 potions of heal wounds {unknown}


   Skills:
 + Level 3.7 Fighting
 + Level 4.2 Axes
 + Level 4.1 Armour
 + Level 0.4 Dodging
 + Level 0.3 Stealth
 + Level 3.6 Shields


You had 5 spell levels left.
You didn't know any spells.
Your spell library contained the following spells:

 Spells                   Type           Power      Damage    Failure   Level
 Ensorcelled Hibernation  Hex/Ice        0%         N/A       100%        2
 Slow                     Hex            0%         N/A       100%        2
 Confusing Touch          Hex            0%         N/A       100%        3
 Spider Form              Tmut/Pois      0%         N/A       100%        3
 Vampiric Draining        Necr           0%         2d6       100%        3
 Shadow Creatures         Summ           N/A        N/A       100%        6


Dungeon Overview and Level Annotations

Branches:
Dungeon (4/15)
 Temple: D:4-7

Altars:
Dithmenos
Vehumet
Beogh

Annotations:
D:3 exclusion: statue


Message History

A wight comes into view. It is wielding a +5 hand axe.
You barely miss the wight. The wight hits you with a +2 war axe.
You feel drained.
You hit the wight.
The wight is lightly damaged.
The wight hits you with a +2 war axe. The wight hits you but does no damage.
You hit the wight.
The wight is lightly damaged.
You block the wight's attack.
You slash the wight!
You destroy the wight!
A wight comes into view. It is wielding a +3 morningstar.
You block the wight's attack.
Your life force feels restored.
Your Axes skill increases to level 4!
Your Armour skill increases to level 4!
You have reached level 6!
Your experience leads to an increase in your attributes!
Increase (S)trength, (I)ntelligence, or (D)exterity?
You feel stronger.
Sorry, you're not good enough to have a special ability.
Unknown command.
You barely miss the wight. The wight hits you with a +5 hand axe.
You feel drained. The wight hits you with a +5 hand axe!
You barely miss the wight. You block the wight's attack.
You barely miss the wight. You block the wight's attack.
The wight barely misses you.
You closely miss the wight. The wight hits you with a +5 hand axe.
You feel drained.
You closely miss the wight. The wight hits you with a +5 hand axe.
You feel drained. The wight hits you with a +5 hand axe.
You feel drained.
You barely miss the wight. The wight hits you with a +5 hand axe!
* * * LOW HITPOINT WARNING * * *
You feel drained.
* * * LOW HITPOINT WARNING * * *
You block the wight's attack.
You slice the wight!!
You destroy the wight!
You closely miss the wight.
The wight hits you with a +3 morningstar!
You die...

# .+ ..# ..#
#####..# #..@z.#
#.##### #...#
######### #.#####.#
#.......#
#.......###.#####.#
#.#####.#.........#
#...#>..####.<#
#.###.....##..#
#.......#.......


You could see a wight.

Vanquished Creatures
  2 wights (D:4)
  Natasha (thrice) (D:2)
  Terence (D:2)
  A worm (D:3)
  4 dart slugs
  2 endoplasms (D:1)
  2 giant cockroaches
  3 goblins
  3 hobgoblins
  6 jackals
  4 kobolds (D:1)
  A quokka (D:1)
  3 ball pythons
  5 bats
  A frilled lizard (D:1)
  9 rats
50 creatures vanquished.

Notes
Turn   | Place    | Note
-------+----------+-------------------------------------------
     0 | D:1      | horus123 the Human Fighter began the quest for the Orb.
     0 | D:1      | Reached XP level 1. HP: 18/18 MP: 1/1
   243 | D:1      | Reached XP level 2. HP: 24/24 MP: 2/2
   537 | D:1      | Found a faded altar of an unknown god.
   574 | D:1      | Reached XP level 3. HP: 24/29 MP: 3/3
  1144 | D:2      | Noticed Natasha
  1151 | D:2      | Killed Natasha
  1152 | D:2      | Reached XP level 4. HP: 25/35 MP: 4/4
  1216 | D:2      | Noticed Natasha
  1222 | D:2      | Killed Natasha
  1321 | D:2      | Identified a scroll of acquirement
  1321 | D:2      | Acquired a +1 broad axe of draining
  1366 | D:2      | Noticed Natasha
  1374 | D:2      | Killed Natasha
  1375 | D:2      | Reached XP level 5. HP: 41/41 MP: 5/5
  1492 | D:2      | Noticed Terence
  1498 | D:2      | Killed Terence
  1732 | D:3      | Found a radiant altar of Vehumet.
  1732 | D:3      | Noticed a charred statue
  1792 | D:3      | Found a shadowy altar of Dithmenos.
  2026 | D:4      | Reached XP level 6. HP: 36/47 MP: 6/6
  2033 | D:4      | Slain by a wight

Illustrated notes

Levels and vault maps discovered:
D:1:      ebering_trefoil_3fold, layout_basic, serial_forest,
          infiniplex_forest_zigzag_2, infiniplex_forest_clump_small,
          infiniplex_forest_clump_tiny, infiniplex_forest_clump_diagonal,
          infiniplex_forest_end_2, infiniplex_forest_clump_medium,
          infiniplex_forest_lined_1, infiniplex_forest_straight_4,
          hellmonk_ecumenical_altar_defaced_shrine
D:2:      layout_rooms, uniq_terence, uniq_natasha
D:3:      layout_rooms, nicolae_dithmenos_the_darkroom, vehumet_statue
D:4:      layout_loops_corners, okawaru_metal_pillars_1_2,
          minmay_stone_trees_large, minmay_misc_feat_ornament,
          nicolae_elemental_shop

Skill      XL: |  1  2  3  4  5 |
---------------+----------------+-----
Axes           | 3 4 |  4.2
Armour         | 4 |  4.1
Fighting       | |  3.7
Dodging        | |  0.4
Stealth        | |  0.3
Shields        | |  3.6

Action                   |  1- 3 |  4- 6 || total
-------------------------+-------+-------++-------
Melee: War axe           |    65 |     6 ||    71
       Broad axe         |       |    44 ||    44
  Use: Scroll            |     3 |     2 ||     5
Armor: Scale mail        |    34 |    19 ||    53
Dodge: Dodged            |    21 |    13 ||    34
Block: Kite shield       |    34 |    22 ||    56
